 Dungeon Crawl Stone Soup version 0.30-a0-1075-gcd70e7a56d (webtiles) character file.

Game seed: 3707756766085989888

9 BlueFalcon the Stinger (level 2, 15/19 HPs)
             Began as a Demonspawn Venom Mage on Apr 14, 2023.
             Quit the game on level 1 of the Dungeon.
             The game lasted 00:01:09 (179 turns).

BlueFalcon the Stinger (Demonspawn Venom Mage)       Turns: 179, Time: 00:01:10

Health: 15/19      AC:  2    Str:  8    XL:     2   Next: 6%
Magic:  0/5        EV: 12    Int: 16    God:
Gold:   44         SH:  0    Dex: 13    Spells: 4/5 levels left

rFire   . . .      SeeInvis .    c - +0 dagger
rCold   . . .      Faith    .    (no shield)
rNeg    . . .      Spirit   .    a - +0 robe
rPois   .          Reflect  .    (no helmet)
rElec   .          Rampage  .    (no cloak)
rCorr   .                        (no gloves)
Will    .....                    (no boots)
Stlth   ++                       (no amulet)
HPRegen 0.23/turn                (no ring)
MPRegen 0.09/turn                (no ring)

@: very slightly contaminated
A: weakness stinger 1
a: no special abilities


You were on level 1 of the Dungeon.
You visited 1 branch of the dungeon, and saw 1 of its levels.

You collected 44 gold pieces.

Inventory:

Hand Weapons
 c - a +0 dagger (weapon)
Armour
 a - a +0 robe (worn)
Potions
 b - a potion of magic


   Skills:
 - Level 1.7 Dodging
 - Level 1.7 Stealth
 - Level 2.0 Spellcasting
 - Level 0.8 Transmutations
 + Level 3.6 Poison Magic


You had 4 spell levels left.
You knew the following spells:

 Your Spells              Type           Power      Damage    Failure   Level
a - Sting                 Tmut/Pois      32%        1d4       9%          1

Your spell library contained the following spells:

 Spells                   Type           Power      Damage    Failure   Level
 Poisonous Vapours        Pois/Air       14%        N/A       16%         2
 Mephitic Cloud           Conj/Pois/Air  5%         N/A       36%         3
 Olgreb's Toxic Radiance  Pois           13%        N/A       43%         4


Dungeon Overview and Level Annotations

Branches:
Dungeon (1/15)

Altars:

Annotations:
D:1 2 runed translucent doors


Innate Abilities, Weirdness & Mutations

You have a small tail.


Message History

The hobgoblin shouts!
You hear a shout!
The ball python hisses angrily.
The kobold shouts!
You now have 25 gold pieces (gained 7).
You now have 44 gold pieces (gained 19).
The hobgoblin shouts!
A jackal comes into view.
The jackal barks!
You hear a bark!
A jackal comes into view.
Aiming: Sting (safe; 9% risk of failure)
Press: ? - help, Q - select action Shift-Dir - straight line, f - jackal
Aim: a jackal (60% to hit)
You miscast Sting.
You are very lightly contaminated with residual magic.
Nothing appears to happen.
Aiming: Sting (safe; 9% risk of failure)
Press: ? - help, Q - select action Shift-Dir - straight line, f/p - jackal
Aim: a jackal (60% to hit)
The sting hits the jackal.
The jackal is poisoned.
The jackal is moderately wounded.
A jackal comes into view.
The jackal closely misses you. The jackal bites you.
The jackal completely misses you.
The jackal barks!
You hit the jackal.
You kill the jackal!
The jackal misses you.
You have reached level 2!
You feel monstrous as your demonic heritage exerts itself.
Your demonic ancestry asserts itself...
You grow a small tail.
Aiming: Sting (safe; 9% risk of failure)
Press: ? - help, Q - select action Shift-Dir - straight line, f - jackal
Aim: a jackal (60% to hit)
The sting hits the jackal.
The jackal is poisoned.
The jackal is heavily wounded.
The jackal bites you. The jackal closely misses you.
You hit the jackal.
You kill the jackal!
Are you sure you want to abandon this character and quit the game? (Confirm with "yes".)

######################
##...#......##........
#.##....#....#...#..# ##
#...##...###...##..# ...
#.##....#.#..)#...#####... ###
#..#...#...#.)...8.#.#bJ.
#.######.#...#..##.##........+gSr
.#...#.##^#..##.@.h..........+BKb
.###..##.##.....†##......8.#.#rrw
#..###.#.#..#......#.....#####Jwb
..#.###..#.#.#..##...#....# ...
.## ..#.#..#..#...#..##....# ##
..####.##..#..##.......#.....
##..#..#.#.....#...#.#.#......
[.##..##..#...#.#..#....#......
<#..#...## ##...#....... ......


You could see a jackal.

Vanquished Creatures
  3 goblins (D:1)
  A hobgoblin (D:1)
  2 jackals (D:1)
  A frilled lizard (D:1)
  A rat (D:1)
8 creatures vanquished.

Notes
Turn   | Place    | Note
-------+----------+-------------------------------------------
     0 | D:1      | BlueFalcon the Demonspawn Venom Mage began the quest for
                  | the Orb.
     0 | D:1      | Reached XP level 1. HP: 13/13 MP: 3/3
   149 | D:1      | Found a large runed translucent door.
   149 | D:1      | Found a large runed translucent door.
   177 | D:1      | Discovered your monstrous ancestry.
   177 | D:1      | Gained mutation: You have a small tail. [demonic ancestry]
   177 | D:1      | Reached XP level 2. HP: 17/19 MP: 1/5
   179 | D:1      | Quit the game

Illustrated notes

Levels and vault maps discovered:
D:1:      erik_arrival_cave_to_civilisation [erik_arrival_cave_to_temple],
          layout_loops_ring, serial_shops, nicolae_shop_overgrown_old_shop

Action                     || total
---------------------------++-------
  Melee: Dagger            ||     7
   Cast: Sting             ||     9
  Dodge: Dodged            ||     9

Table legend: (Time is in decaauts)
 A = Elapsed time spent in this place.
 B = Non-inter-level travel time spent in this place.
 C = Inter-level travel time spent in this place.
 D = Time resting spent in this place.
 E = Time spent auto-exploring this place.
 F = Levels seen in this place.
 G = Mean time per level.
                   A        B        C        D        E       F      G
               +--------+--------+--------+--------+--------+-----+--------+
         Total |    178 |    178 |      0 |      0 |    133 |   1 |  178.0 |
       Dungeon |    178 |    178 |      0 |      0 |    133 |   1 |  178.0 |
               +--------+--------+--------+--------+--------+-----+--------+

Top non-repeatable levels by time:
     D:1: 178 daAuts
